 Dungeon Crawl Stone Soup version 0.18.1-48-g4cf74bf (webtiles) character file.

23450 Nahar the Cleaver (level 12, -1/114 HPs)
             Began as a Deep Dwarf Fighter on Aug 9, 2016.
             Was an Elder of the Shining One.
             Slain by a death yak (17 damage)
             ... on level 6 of the Lair of Beasts.
             The game lasted 01:30:13 (10183 turns).

Nahar the Cleaver (Deep Dwarf Fighter)             Turns: 10183, Time: 01:30:14

Health: -1/114     AC: 19    Str: 24    XL:     12   Next: 71%
Magic:  0/0        EV: 11    Int: 10    God:    the Shining One [****..]
Gold:   544        SH: 17    Dex: 12    Spells: 1 memorised, 3 levels left

rFire  . . .     SeeInvis +     a - +2 war axe
rCold  + . .     Gourm    .     t - +1 chain mail
rNeg   + + .     Faith    .     c - +1 shield
rPois  .         Spirit   .     g - +0 helmet
rElec  .         Dismiss  .     I - +0 cloak
rCorr  .         Reflect  +     J - +0 pair of gloves
SustAt .         Harm     .     F - +0 pair of boots
MR     +....                    A - +4 amulet of reflection
Stlth  ..........               p - ring of protection from cold
                                D - ring of see invisible

@: non-regenerating, glowing, somewhat resistant to hostile enchantments,
extremely unstealthy
A: damage resistance, recharge devices, sense surroundings 2, slow regeneration
3
a: Device Recharging, Divine Shield, Cleansing Flame, Renounce Religion


You were on level 6 of the Lair of Beasts.
You worshipped the Shining One.
The Shining One was greatly pleased with you.
You were not hungry.

You visited 3 branches of the dungeon, and saw 16 of its levels.
You also visited: Ossuary.

You collected 544 gold pieces.

Inventory:

Hand Weapons
 a - a +2 war axe (weapon)
 o - a +0 mace of venom
 r - a +1 short sword of venom
 M - the +9 war axe of Poinel {pain, rF- Dex+6}
   (You found it on level 1 of the Lair of Beasts)

   In the hands of one skilled in necromantic magic, it inflicts extra damage on
   living creatures.
   It affects your dexterity (+6).
   It makes you vulnerable to fire.
   The Shining One disapproves of the use of such an item.
 T - a +1 antimagic war axe
Armour
 b - a +1 scale mail
 c - a +1 shield (worn)
 g - a +0 helmet (worn)
 t - a +1 chain mail (worn)
 u - a +0 chain mail
 F - a +0 pair of boots (worn)
 I - a +0 cloak (worn)
 J - a +0 pair of gloves (worn)
 P - a +2 robe of cold resistance
Jewellery
 j - an uncursed ring of ice
 p - a ring of protection from cold (right hand)
 y - an uncursed ring of teleportation
 A - a +4 amulet of reflection (around neck)
 D - a ring of see invisible (left hand)
Wands
 e - a wand of heal wounds (0/9)
 q - a wand of acid (3/15)
 w - a wand of lightning (0/15)
 x - a wand of paralysis (0/24)
 E - a wand of lightning (5/15)
 G - a wand of polymorph (9/24)
 H - a wand of lightning (0/15)
 O - a wand of teleportation (0/9)
 Q - a wand of iceblast (2/15)
 S - a wand of random effects (28/48)
 V - a wand of lightning (6/15)
Scrolls
 d - 5 scrolls of remove curse
 m - a scroll of immolation
 z - a scroll of teleportation
 W - a scroll of fog
Potions
 h - 2 potions of agility
 k - 5 potions of degeneration
 l - a potion of flight
 n - a potion of invisibility
 v - 2 potions of resistance
 C - 2 potions of magic
 K - a potion of cure mutation
 X - a potion of haste {unknown}
Books
 L - a book of Dreams

   Spells                             Type                      Level
   a - Ensorcelled Hibernation        Hexes/Ice                    2
   b - Silence                        Hexes/Air                    5
   c - Darkness                       Hexes                        6
   d - Shadow Creatures               Summoning                    6
 N - an Akashic Record

   Spells                             Type                      Level
   a - Dispersal                      Translocation                6
   b - Malign Gateway                 Summoning/Translocation      7
   c - Disjunction                    Translocation                8
   d - Controlled Blink               Translocation                8
 U - a book of Transfigurations

   Spells                             Type                      Level
   a - Irradiate                      Conjuration/Transmutation    5
   b - Statue Form                    Transmutation/Earth          6
   c - Hydra Form                     Transmutation                6
   d - Dragon Form                    Transmutation                7
Comestibles
 f - 3 bread rations
 i - 3 meat rations
 s - 16 royal jellies
 R - 10 fruits


   Skills:
 + Level 9.0 Fighting
 + Level 12.6 Axes
 + Level 11.1 Armour
 + Level 7.4 Dodging
 - Level 1.0 Stealth
 + Level 11.0 Shields
 + Level 0.3 Invocations
 + Level 5.1 Evocations


You had 3 spell levels left.
You knew the following spells:

 Your Spells              Type           Power        Failure   Level  Hunger
a - Controlled Blink      Tloc           N/A          100%        8    #######


Dungeon Overview and Level Annotations

Branches:
Dungeon (9/15)             Temple (1/1) D:7            Lair (6/8) D:9
 Shoals (0/4) Lair:4
  Snake: Lair:3-6    Spider: Lair:3-6     Slime: Lair:6-8       Orc: D:9-12

Altars:
Cheibriados
Dithmenos
Elyvilon
Fedhas
Gozag
Kikubaaqudgha
Qazlal
Ru
Sif Muna
Trog
Xom
Yredelemnul
Zin
The Shining One

Annotations:
D:3 Sigmund


Innate Abilities, Weirdness & Mutations

You are resistant to damage.
You can recharge devices by infusing magical energy.
You passively map the area around you.
You do not regenerate naturally.


Message History

The death yak barely misses you.
You hit the death yak.
The death yak is heavily wounded.
You block the death yak's attack.
You hit the death yak but do no damage.
The death yak is heavily wounded.
The death yak gores you!!
* * * LOW HITPOINT WARNING * * *
You hit the death yak but do no damage.
The death yak is heavily wounded.
You block the death yak's attack.
You slice the death yak!!
The death yak is severely wounded.
You block the death yak's attack.
You hit the death yak.
The death yak is almost dead.
You slash the death yak!
The death yak is almost dead.
The death yak gores you!!
You die...

...##.###........####.#....##...#
.P.########.....#.# ##.#.......##
...#.)..###......####............
.................................
.?....[..........................
.................................
.................................
..####.P.......Y...............#.
... #..###......@...........P#.##
..# #..##.......#...#..#....###..
... #.........#.##..###...... P..
... #...##.....## ...#...... #...
, , ......# ,......... ....
.#....., ...## , ,.... ,,*, ,
...... ,..#* ,.P.. * , ..... ,,
..# , #.. , , ,, , .#..


You could see a death yak.

Vanquished Creatures
  Snorg (Lair:5)
  Fannar (Lair:2)
  2 hydras (Lair:3)
  2 death yaks (Lair:6)
  A fire crab (Lair:5)
  A lindwurm (Lair:5)
  The ghost of nikopol the Chopper, a novice HOBe of Trog (D:7)
  2 griffons
  A siren (Lair:4)
  8 komodo dragons
  4 spiny frogs
  3 rime drakes
  A queen bee (Lair:1)
  12 blink frogs
  The ghost of baljet the Sneak, an amateur VSAs (D:3)
  8 yaks
  4 basilisks
  2 hungry ghosts (D:8)
  4 hippogriffs
  9 water moccasins
  5 porcupines
  3 ice beasts
  An orc warrior (D:7)
  4 black bears
  A phantom (D:4)
  3 centaurs
  5 ogres
  6 wolves (Lair:2)
  5 crocodiles
  7 giant frogs
  2 elf zombies (D:6)
  An elf skeleton (D:6)
  A scorpion (D:6)
  26 killer bees (Lair:1)
  An electric eel (Lair:3)
  7 wights
  2 howler monkeys
  2 human zombies (D:6)
  A hound (D:4)
  2 orc priests
  A jelly (D:4)
  A centaur skeleton (D:8)
  A giant frog skeleton (D:8)
  8 iguanas
  Natasha (twice) (D:4)
  5 orc wizards
  9 worker ants
  22 sheep
  A howler monkey zombie (D:8)
  A worker ant zombie (D:6)
  A howler monkey skeleton (D:8)
  7 adders
  4 gnolls (D:4)
  26 river rats
  A shadow imp (D:7)
  An adder zombie (D:5)
  6 worms
  5 dart slugs
  4 giant geckos
  16 orcs
  2 ball pythons
  7 giant cockroaches
  4 goblins
  8 hobgoblins
  8 jackals
  4 quokkas
  8 bats
  2 giant newts (D:1)
  6 kobolds
  An orc zombie (D:6)
  2 quokka skeletons (D:4)
  2 quokka zombies (D:8)
  7 rats
  3 bushes (Lair:1)
  5 fungi
  3 plants
347 creatures vanquished.

Vanquished Creatures (others)
  3 fungi
  2 withered plants (Ossuary)
5 creatures vanquished.

Grand Total: 352 creatures vanquished

Notes
Turn   | Place    | Note
--------------------------------------------------------------
     0 | D:1      | Nahar the Deep Dwarf Fighter began the quest for the Orb.
     0 | D:1      | Reached XP level 1. HP: 20/20 MP: 1/1
   284 | D:1      | Reached XP level 2. HP: 25/27 MP: 2/2
   741 | D:2      | Reached skill level 1 in Dodging
   741 | D:2      | Reached XP level 3. HP: 26/33 MP: 3/3
  1046 | D:2      | Reached XP level 4. HP: 26/42 MP: 4/4
  1276 | D:3      | Found a sacrificial altar of Ru.
  1364 | D:3      | Noticed baljet's ghost (amateur VSAs)
  1371 | D:3      | Reached skill level 3 in Axes
  1377 | D:3      | Killed baljet's ghost
  1377 | D:3      | Reached skill level 1 in Stealth
  1377 | D:3      | Reached XP level 5. HP: 45/49 MP: 5/5
  1599 | D:3      | Noticed Sigmund
  1677 | D:3      | Reached XP level 6. HP: 52/56 MP: 6/6
  1738 | D:3      | Found an opulent altar of Gozag.
  1813 | D:3      | Found a glowing golden altar of the Shining One.
  1821 | D:3      | Became a worshipper of the Shining One
  2073 | D:4      | Reached skill level 4 in Axes
  2218 | D:4      | Reached skill level 1 in Evocations
  2218 | D:4      | Reached XP level 7. HP: 25/63 MP: 6/6
  2219 | D:4      | Reached skill level 5 in Armour
  2461 | D:4      | Reached skill level 5 in Shields
  2568 | D:4      | Noticed Natasha
  2573 | D:4      | Killed Natasha
  2790 | D:4      | Reached * piety under the Shining One
  2798 | D:4      | Reached skill level 5 in Axes
  2842 | D:4      | Noticed Natasha
  2846 | D:4      | Killed Natasha
  2869 | D:4      | Found a snail-covered altar of Cheibriados.
  2961 | D:5      | Entered Level 5 of the Dungeon
  3027 | D:5      | Reached XP level 8. HP: 52/73 MP: 7/7
  3144 | D:5      | Found a shimmering altar of Xom.
  3184 | D:5      | Found a blossoming altar of Fedhas.
  3398 | D:6      | Reached skill level 6 in Axes
  3611 | D:6      | Reached skill level 5 in Fighting
  3646 | D:6      | Found a sand-covered staircase.
  3646 | D:6      | Reached ** piety under the Shining One
  3771 | Ossuary  | Entered an ossuary
  3844 | D:6      | Found a snail-covered altar of Cheibriados.
  3891 | D:7      | Found a deep blue altar of Sif Muna.
  3905 | D:7      | Reached skill level 7 in Axes
  3919 | D:7      | Found a blossoming altar of Fedhas.
  4015 | D:7      | Gained mutation: You passively map the area around you. [Deep Dwarf growth]
  4015 | D:7      | Reached XP level 9. HP: 78/81 MP: 7/7
  4034 | D:7      | Found a bloodstained altar of Trog.
  4139 | D:7      | Found a staircase to the Ecumenical Temple.
  4147 | Temple   | Entered the Ecumenical Temple
  4391 | D:7      | Noticed nikopol's ghost (novice HOBe)
  4434 | D:7      | Killed nikopol's ghost
  4595 | D:8      | Reached skill level 8 in Axes
  5364 | D:8      | Reached *** piety under the Shining One
  5503 | D:9      | Reached XP level 10. HP: 58/91 MP: 7/7
  5613 | D:9      | Found a staircase to the Lair.
  5650 | Lair:1   | Entered Level 1 of the Lair of Beasts
  5693 | Lair:1   | Reached skill level 5 in Dodging
  5937 | Lair:1   | Noticed a spiny frog
  5954 | Lair:1   | Reached skill level 9 in Axes
  5964 | Lair:1   | Killed a spiny frog
  6021 | Lair:1   | Noticed a seven-headed hydra
  6559 | Lair:1   | Got a brightly glowing war axe
  6560 | Lair:1   | Identified the +9 war axe of Poinel {pain, rF- Dex+6} (You found it on level 1 of the Lair of Beasts)
  7011 | Lair:2   | Reached XP level 11. HP: 46/99 MP: 3/3
  7072 | Lair:2   | Reached **** piety under the Shining One
  7103 | Lair:2   | HP: 4/99 [komodo dragon (17)]
  7220 | Lair:2   | Learned a level 8 spell: Controlled Blink
  7323 | Lair:2   | Reached skill level 10 in Axes
  7334 | Lair:2   | Reached skill level 10 in Armour
  7356 | Lair:2   | Noticed Fannar
  7407 | Lair:2   | Killed Fannar
  7861 | Lair:3   | Noticed a five-headed hydra
  7904 | Lair:3   | Killed a 20-headed hydra
  7904 | Lair:3   | Reached skill level 10 in Shields
  7949 | Lair:3   | Reached skill level 11 in Axes
  8155 | Lair:3   | Noticed a five-headed hydra
  8175 | Lair:3   | Killed a 19-headed hydra
  8381 | Lair:3   | Reached XP level 12. HP: 65/110 MP: 2/2
  9074 | Lair:4   | Found a staircase to the Shoals.
  9411 | Lair:5   | Reached skill level 12 in Axes
  9440 | Lair:5   | Noticed Snorg
  9605 | Lair:5   | Killed Snorg
  9700 | Lair:5   | Noticed a seven-headed hydra
 10094 | Lair:6   | Reached skill level 5 in Evocations
 10144 | Lair:6   | Noticed a death yak
 10152 | Lair:6   | Noticed a death yak
 10161 | Lair:6   | Noticed a death yak
 10176 | Lair:6   | Killed a death yak
 10176 | Lair:6   | Killed a death yak
 10183 | Lair:6   | Slain by a death yak

Skill      XL: |  1  2  3  4  5  6  7  8  9 10 11 12 |
---------------+-------------------------------------+-----
Dodging        | 1 2 3 4 5 6 7 |  7.4
Fighting       | 3 4 5 6 8 9 |  9.0
Armour         | 4 5 6 7 9 10 11 | 11.1
Axes           | 3 4 5 7 8 9 11 12 | 12.6
Stealth        | 1 |  1.0
Shields        | 4 5 6 7 9 10 11 | 11.0
Evocations     | 1 2 3 4 5 |  5.1
Invocations    | |  0.3

Action                   |  1- 3 |  4- 6 |  7- 9 | 10-12 || total
-------------------------+-------+-------+-------+-------++-------
Melee: War axe           |   144 |   125 |   394 |   773 ||  1436
Invok: Divine Shield     |       |       |       |     2 ||     2
 Abil: Device Recharging |       |     1 |     4 |    10 ||    15
Evoke: Wand              |     1 |     8 |    13 |    67 ||    89
  Use: Scroll            |     5 |     3 |    11 |    17 ||    36
       Potion            |       |     1 |       |    14 ||    15
 Stab: Paralysed         |       |       |       |    38 ||    38
  Eat: Beef jerky        |     1 |       |       |       ||     1
       Bread ration      |       |     1 |     1 |     1 ||     3
       Meat ration       |       |       |     2 |       ||     2
       Fruit             |       |       |       |    10 ||    10
       Chunk             |       |       |       |     1 ||     1
Armor: Scale mail        |    79 |    28 |       |       ||   107
       Chain mail        |       |     7 |   153 |   397 ||   557
Dodge: Dodged            |    52 |    37 |    95 |   344 ||   528
Block: Shield            |    74 |    61 |   216 |   630 ||   981
       Reflection        |       |       |       |     1 ||     1
